AoeStats
← TaughtSand7893

Nomad

506451273Analyzed
4v4 RM · 20d ago on Sep 13, 2026· 59m 17s· 8 players
Game mode
Random Map
Map size
231×231
Population
200
Speed
Normal
Resources
Standard
Victory
Conquest
Starting age
Dark Age
Ending age
Imperial Age
RankedLock teamsTeams togetherTeam positionsShared explorationLock speedFull tech treeHidden civsTurbo modeCheats
Victory
Defeat
🇺🇸 Armenians · United States
1239
+14
🇿🇦 Koreans · South Africa
1236
+15
🇳🇪 Ethiopians · Niger
1206
+16
🇨🇱 Burgundians · Chile
1187
+17
🇦🇷 Italians · Argentina
1240
-17
🇨🇱 Huns · Chile
1214
-16
🇦🇺 Romans · Australia
1214
-16
🇨🇱 Hindustanis · Chile
1148
-13
Tishomingo
6:07 Loom
13:22 Feudal Age
14:09 Double-Bit Axe
14:17 Gold Mining
21:07 Castle Age
19:25 Fishing Lines
21:09 Fletching
22:00 Medium Warships
21:47 Bodkin Arrow
22:48 Gillnets
23:50 Bow Saw
52:37 Padded Archer Armor
54:12 Wheelbarrow
54:05 Leather Archer Armor
56:10 Ballistics
TaughtSand7893
14:29 Feudal Age
13:27 Loom
16:18 Double-Bit Axe
20:52 Castle Age
19:05 Gold Mining
21:07 Crossbowman
21:52 Thumb Ring
21:41 Fletching
29:26 Ballistics
44:37 Gold Shaft Mining
44:16 Bow Saw
44:34 Bodkin Arrow
45:01 Padded Archer Armor
49:20 Imperial Age
48:13 Wheelbarrow
49:45 Arbalester
50:33 Bracer
50:48 Leather Archer Armor
51:36 Chemistry
53:04 Ring Archer Armor
53:44 Stone Mining
PcklRck
5:01 Loom
12:58 Feudal Age
14:13 Double-Bit Axe
20:06 Fletching
20:08 Fishing Lines
24:31 Castle Age
24:37 Horse Collar
25:12 Bodkin Arrow
27:30 Gillnets
28:43 Bow Saw
36:18 Imperial Age
41:35 Town Watch
42:02 Crossbowman
47:09 Gold Mining
57:47 Bracer
57:52 Arbalester
Murderer Potato
5:15 Loom
14:29 Feudal Age
16:01 Wheelbarrow
16:21 Double-Bit Axe
19:43 Castle Age
20:08 Bow Saw
22:20 Horse Collar
23:59 Two-Man Saw
24:38 Heavy Plow
26:45 Hand Cart
27:07 Crop Rotation
27:11 Husbandry
26:33 Cavalier
30:50 Gold Mining
32:07 Gold Shaft Mining
31:43 Scale Barding Armor
31:49 Forging
32:53 Chain Barding Armor
42:56 Imperial Age
44:44 Paladin
47:40 Iron Casting
47:41 Plate Barding Armor
49:13 Conscription
54:36 Caravan
57:24 Blast Furnace
Nachoro
8:18 Loom
15:37 Feudal Age
15:43 Man-at-Arms
20:57 Castle Age
21:13 Scale Mail Armor
21:23 Forging
21:16 Long Swordsman
23:56 Double-Bit Axe
25:15 Chain Mail Armor
26:14 Wheelbarrow
30:28 Hand Cart
32:08 Squires
35:32 Iron Casting
38:18 Pikeman
45:20 Imperial Age
47:45 Legionary
50:51 Blast Furnace
50:17 Halberdier
51:25 Horse Collar
| SNV | Manolowo
4:02 Loom
15:23 Feudal Age
21:25 Castle Age
18:53 Man-at-Arms
19:30 Double-Bit Axe
21:29 Wheelbarrow
21:06 Arson
22:24 Fletching
33:52 Forging
42:48 Town Watch
47:24 Stone Mining
55:37 Scale Barding Armor
56:08 Iron Casting
58:04 Bloodlines
| SNV | AoEBengi
4:47 Loom
12:53 Feudal Age
17:37 Castle Age
34:09 Scale Barding Armor
42:21 Forging
42:11 Scale Mail Armor
42:32 Squires
42:25 Pikeman
45:09 Chain Mail Armor
45:29 Iron Casting
45:02 Double-Bit Axe
52:55 Imperial Age
SNV Ribey
6:32 Loom
12:45 Feudal Age
13:42 Double-Bit Axe
15:42 Town Watch
17:28 Gold Mining
22:05 Horse Collar
22:42 Fishing Lines
25:30 Bloodlines
28:36 Castle Age
27:23 Forging
28:25 Scale Barding Armor
28:33 Stone Mining
29:42 Medium Warships
30:26 Heavy Plow
31:31 Fletching
32:03 Chain Barding Armor
33:07 Husbandry
38:04 Wheelbarrow
45:11 Imperial Age
43:10 Bodkin Arrow
43:15 Padded Archer Armor
47:17 Cavalier
51:43 Iron Casting
51:30 Leather Archer Armor
52:44 Ballistics
55:32 Chemistry
Connection lost

Rejoining the realm…

Still unreachable

The connection could not be restored.

Session expired

The server has moved on; the page needs a fresh start.